AoeStats
← Green Assassin

MegaRandom

509217161Analyzed
4v4 RM · 5d ago on Sep 25, 2026· 49m 38s· 8 players
Game mode
Random Map
Map size
Large (8 player)
Population
200
Speed
Normal
Resources
Standard
Victory
Conquest
Starting age
Dark Age
Ending age
Imperial Age
RankedLock teamsTeams togetherTeam positionsShared explorationLock speedFull tech treeHidden civsTurbo modeCheats
Victory
Defeat
🇩🇪 Lithuanians · Germany
1242
+17
🇧🇷 Persians · Brazil
1223
+17
🇮🇳 Mongols · India
1210
+18
🇩🇪 Franks · Germany
1189
+19
🇦🇷 Italians · Argentina
1292
-19
🇦🇷 Franks · Argentina
1274
-19
🇦🇷 Britons · Argentina
1235
-17
🇪🇨 Turks · Ecuador
1215
-16
Green Assassin
0:30 Loom
12:12 Feudal Age
16:20 Double-Bit Axe
19:40 Castle Age
17:49 Scale Barding Armor
17:56 Forging
17:36 Horse Collar
18:17 Gold Mining
19:46 Wheelbarrow
20:53 Bloodlines
20:44 Husbandry
24:13 Fervor
31:40 Iron Casting
32:16 Caravan
35:12 Heavy Plow
35:44 Chain Barding Armor
41:59 Imperial Age
40:27 Bow Saw
42:02 Cavalier
43:21 Plate Barding Armor
43:54 Conscription
44:37 Paladin
44:56 Light Cavalry
46:57 Two-Man Saw
[FUCKI] Obi-One Canboneme
10:21 Feudal Age
8:53 Loom
12:03 Double-Bit Axe
13:30 Forging
16:11 Scale Barding Armor
21:34 Castle Age
24:26 Wheelbarrow
25:32 Husbandry
26:00 Chain Barding Armor
26:15 Iron Casting
25:46 Gold Mining
25:47 Stone Mining
30:20 Hand Cart
31:39 Bow Saw
35:40 Imperial Age
35:15 Fletching
37:00 Gold Shaft Mining
35:49 Cavalier
37:33 Blast Furnace
37:09 Plate Barding Armor
36:57 Conscription
36:56 Caravan
37:57 Paladin
41:05 Chivalry
43:19 Chemistry
HAHA
4:51 Loom
11:25 Feudal Age
13:28 Bloodlines
18:11 Forging
18:07 Scale Barding Armor
22:38 Castle Age
22:25 Double-Bit Axe
22:23 Horse Collar
24:05 Iron Casting
23:45 Bow Saw
23:36 Heavy Plow
25:09 Wheelbarrow
25:59 Chain Barding Armor
26:16 Town Watch
28:25 Husbandry
32:03 Hand Cart
33:59 Fletching
35:07 Gold Mining
35:08 Stone Mining
42:28 Imperial Age
42:26 Caravan
42:12 Cavalier
43:55 Blast Furnace
43:32 Plate Barding Armor
44:15 Gold Shaft Mining
44:26 Gold Shaft Mining
44:07 Savar
44:24 Light Cavalry
46:08 Stone Shaft Mining
45:31 Bodkin Arrow
45:37 Padded Archer Armor
48:02 Hussar
48:53 Capped Ram
Madman
11:23 Feudal Age
16:43 Castle Age
15:00 Double-Bit Axe
15:56 Horse Collar
18:15 Heavy Plow
24:30 Wheelbarrow
23:41 Loom
23:43 Town Watch
24:19 Bow Saw
26:31 Gold Mining
26:34 Stone Mining
27:14 Hand Cart
27:08 Fletching
30:46 Imperial Age
28:47 Husbandry
28:56 Fletching
29:07 Padded Archer Armor
29:43 Bloodlines
29:47 Forging
29:33 Bodkin Arrow
29:03 Light Cavalry
31:08 Ballistics
31:04 Leather Archer Armor
31:48 Conscription
32:32 Bracer
33:41 Hussar
34:57 Iron Casting
34:28 Scale Barding Armor
34:51 Caravan
35:31 Elite Mangudai
38:21 Chemistry
39:25 Blast Furnace
39:31 Parthian Tactics
39:19 Heavy Camel Rider
42:19 Chain Barding Armor
[ZCHE]jcruz810
10:17 Loom
12:03 Feudal Age
17:04 Double-Bit Axe
19:23 Castle Age
17:55 Gold Mining
21:39 Wheelbarrow
26:14 Scale Barding Armor
26:54 Husbandry
29:53 Forging
31:13 Hand Cart
32:05 Iron Casting
32:34 Chain Barding Armor
33:43 Bow Saw
37:21 Gold Shaft Mining
36:37 Stone Mining
40:24 Imperial Age
40:28 Cavalier
42:14 Plate Barding Armor
42:40 Blast Furnace
41:58 Paladin
Nelware1
10:26 Feudal Age
12:57 Double-Bit Axe
13:23 Double-Bit Axe
13:41 Loom
16:34 Castle Age
20:44 Bow Saw
23:29 Gold Mining
24:31 Horse Collar
25:35 Wheelbarrow
32:06 Scale Barding Armor
34:00 Gold Shaft Mining
33:51 Heavy Plow
34:30 Chain Barding Armor
35:32 Forging
36:07 Bloodlines
38:48 Husbandry
44:08 Iron Casting
49:15 Imperial Age
Mauro
8:02 Loom
10:07 Feudal Age
10:41 Double-Bit Axe
18:51 Castle Age
18:19 Fletching
18:33 Gold Mining
19:37 Padded Archer Armor
19:09 Crossbowman
22:49 Wheelbarrow
23:57 Masonry
25:41 Bodkin Arrow
26:02 Leather Archer Armor
28:02 Leather Archer Armor
27:58 Forging
28:55 Hand Cart
30:03 Town Watch
30:43 Ballistics
31:52 Iron Casting
34:59 Gold Shaft Mining
40:15 Imperial Age
40:58 Bracer
40:53 Arbalester
41:00 Arbalester
47:13 Chemistry
46:45 Ring Archer Armor
Lechugamer
6:09 Loom
10:33 Feudal Age
17:09 Castle Age
24:37 Crossbowman
27:38 Fletching
27:57 Double-Bit Axe
27:52 Horse Collar
28:00 Horse Collar
29:04 Bodkin Arrow
30:07 Padded Archer Armor
34:36 Wheelbarrow
34:13 Bow Saw
35:37 Heavy Plow
35:36 Gold Mining
37:59 Thumb Ring
38:13 Leather Archer Armor
39:12 Ballistics
41:47 Imperial Age
42:28 Hand Cart
42:25 Stone Mining
42:16 Elite Genoese Crossbowman
43:18 Conscription
42:35 Arbalester
43:20 Bracer
44:22 Chemistry
Connection lost

Rejoining the realm…

Still unreachable

The connection could not be restored.

Session expired

The server has moved on; the page needs a fresh start.